 Dungeon Crawl Stone Soup version 0.26.1-2-gb8aa6d0cf2 (webtiles) character file.

Game seed: 13778051902299814075

827 Revguard the Chopper (level 7, -6/96 HPs)
             Began as a Palentonga Berserker on Mar 24, 2021.
             Was a Priest of Trog.
             Mangled by an orc warrior
             ... wielding a +0 scimitar
              (9 damage)
             ... on level 5 of the Dungeon.
             The game lasted 00:17:59 (4099 turns).

Revguard the Chopper (Palentonga Berserker)         Turns: 4099, Time: 00:18:00

Health: -6/96      AC: 17    Str: 20    XL:     7   Next: 64%
Magic:  7/7        EV:  4    Int:  7    God:    Trog [***...]
Gold:   236        SH:  0    Dex: 12    Spells: 6/6 levels left

rFire    . . .     SeeInvis +   a - +0 hand axe
rCold    . . .     Faith    .   (no shield)
rNeg     . . .     Spirit   .   l - +0 plate armour
rPois    .         Reflect  .   (no helmet)
rElec    .         Harm     .   s - +0 cloak
rCorr    .         Rampage  .   (no gloves)
Will     ++...                  (no barding)
Stlth    ..........             (no amulet)
HPRegen  1.26/turn              b - +4 ring of slaying
MPRegen  0.10/turn              (no ring)

@: berserking, regenerating, curled up, very quick
A: large, rugged brown scales 3, see invisible, deformed body, roll 1, armoured
tail, reflexive curl
a: Rolling Charge, Renounce Religion, Berserk, Trog's Hand


You were on level 5 of the Dungeon.
You worshipped Trog.
Trog was most pleased with you.
You visited 1 branch of the dungeon, and saw 5 of its levels.

You collected 236 gold pieces.

Inventory:

Hand Weapons
 a - a +0 hand axe (weapon)
Armour
 l - a +0 plate armour (worn)
 s - a +0 cloak (worn)
Jewellery
 b - a +4 ring of slaying (left hand)
 d - an uncursed ring of protection from fire {unknown}
 o - a +6 ring of dexterity
 q - an uncursed amulet of faith {unknown}
 r - a cursed ring of teleportation {unknown}
Wands
 g - a wand of acid (3)
 k - a wand of paralysis (8)
 t - a wand of flame (14)
Scrolls
 i - a scroll of remove curse
 n - 3 scrolls of amnesia {unknown}
 p - a scroll of enchant weapon {unknown}
 u - 4 scrolls of identify
 v - 2 scrolls of random uselessness {unknown}
 w - a scroll of blinking {unknown}
 y - a scroll of fog {unknown}
Potions
 c - 3 potions of haste
 e - a potion of flight {unknown}
 f - a potion of lignification
 h - 4 potions of curing
 j - a potion of attraction
 x - a potion of ambrosia {unknown}
 z - a potion of might {unknown}


   Skills:
 + Level 4.8 Fighting
 + Level 6.0 Axes
 + Level 3.6 Armour
 + Level 2.2 Dodging
 * Level 2.8 Evocations


You had 6 spell levels left.
You didn't know any spells.
Your spell library was empty.

Dungeon Overview and Level Annotations

Branches:
Dungeon (5/15)             Temple (0/1) D:5

Altars:
Dithmenos
Okawaru
Vehumet
Wu Jian


Innate Abilities, Weirdness & Mutations

You are completely covered in rugged brown scales. (AC +3, +7% HP)
You have supernaturally acute eyesight. (SInv)
Armour fits poorly on your strangely shaped body.
You can roll at nearby foes to attack.
You have a long armoured tail.
You curl defensively after being hit.


Message History

A red film seems to cover your vision as you go berserk!
You feel yourself moving faster!
You feel mighty!
The orc warrior hits you with a +0 scimitar!
* * * LOW HITPOINT WARNING * * *
The ogre hits you with a cursed -1 giant spiked club!
* * * LOW HITPOINT WARNING * * *
You slash the ogre!
The ogre is almost dead.
You barely miss the orc warrior.
The orc warrior hits you with a +0 scimitar.
* * * LOW HITPOINT WARNING * * *
You hit the ogre.
You kill the ogre!
Trog accepts your kill.
You closely miss the orc warrior.
Your Axes skill increases to level 6!
You slash the orc warrior!
The orc warrior is almost dead.
The orc warrior hits you with a +0 scimitar!
You die...

# #.....###.###)..........,,,,* #
####### #........#*********,* #
#..##...## *,* #
######.##*####### *,* # ********
#.# *......***,*
*******,,,,,,*##.###..#.#,*,*,*##
,,,,**+,,,,,,*#........o,,,,,,,..
,,,,*,*,,,,,,*#.)###..#.#.#,*,*#.
,,,,*,*,,,,,,*#.@###.........,,#.
,,,,*,*,,,,,,*#..o..#,*.#,#.#,##.
,,*+*,*,,,,,,*#.###.#,,.<.....,#.
,,*,*,*,,,,,,*##* #.#**.#.#.#.*#.
,,*,*,*,,,,,,* #.#*,..,...,,#<
****,**,,,,,,* #.###.*,#.#,*#.
*********** #.##$####.#**#. ***
#.##......# #. *,*
#.........####.


You could see an orc warrior.

Vanquished Creatures
  Grinder (D:3)
  A sky beast (D:5)
  2 ogres
  3 hounds (D:4)
  Ijyb (D:3)
  Natasha (thrice) (D:2)
  A howler monkey zombie (D:5)
  3 gnolls (D:4)
  4 adders
  An adder skeleton (D:4)
  A worm (D:3)
  2 dart slugs
  5 leopard geckos
  6 orcs
  2 giant cockroaches
  14 goblins
  10 hobgoblins
  9 jackals
  14 kobolds
  3 quokkas
  11 bats
  3 frilled lizards
  A leopard gecko skeleton (D:4)
  4 rats
105 creatures vanquished.

Vanquished Creatures (others)
  A plant (D:4)
1 creature vanquished.

Grand Total: 106 creatures vanquished

Notes
Turn   | Place    | Note
-------+----------+-------------------------------------------
     0 | D:1      | Revguard the Palentonga Berserker began the quest for the
                  | Orb.
     0 | D:1      | Reached XP level 1. HP: 20/20 MP: 1/1
   114 | D:1      | Reached XP level 2. HP: 27/27 MP: 2/2
  1032 | D:2      | Reached XP level 3. HP: 32/33 MP: 3/3
  1056 | D:2      | Reached ** piety under Trog
  1118 | D:2      | Noticed Natasha
  1124 | D:2      | Killed Natasha
  1523 | D:2      | Noticed Natasha
  1528 | D:2      | Killed Natasha
  1529 | D:2      | Reached XP level 4. HP: 38/42 MP: 4/4
  1611 | D:2      | Noticed Natasha
  1618 | D:2      | Killed Natasha
  1619 | D:2      | Reached skill level 4 in Axes
  1941 | D:2      | Found an iron altar of Okawaru.
  1990 | D:3      | Noticed Ijyb
  2003 | D:3      | Reached XP level 5. HP: 23/49 MP: 5/5
  2003 | D:3      | Killed Ijyb
  2004 | D:3      | Reached skill level 1 in Evocations
  2263 | D:3      | Noticed Grinder
  2269 | D:3      | Paralysed by Grinder for 5 turns
  2279 | D:3      | Killed Grinder
  2280 | D:3      | Reached XP level 6. HP: 55/55 MP: 6/6
  2378 | D:3      | Reached skill level 5 in Axes
  2398 | D:3      | Found a shadowy altar of Dithmenos.
  2500 | D:3      | You fall into a shaft and drop 1 floor!
  2565 | D:4      | Found a radiant altar of Vehumet.
  2607 | D:4      | Found an ornate altar of the Wu Jian Council.
  2700 | D:4      | Reached *** piety under Trog
  2803 | D:4      | Gained mutation: You curl defensively after being hit.
                  | [Palentonga growth]
  2803 | D:4      | Reached XP level 7. HP: 49/64 MP: 7/7
  3924 | D:5      | Entered Level 5 of the Dungeon
  4096 | D:5      | HP: 2/96 [ogre/cursed -1 giant spiked club (8)]
  4099 | D:5      | Reached skill level 6 in Axes
  4099 | D:5      | Mangled by an orc warrior

Illustrated notes

Levels and vault maps discovered:
D:1:      lemuel_arrival_cross, layout_basic
D:2:      minmay_alternating_diamond, layout_loops_cross,
          lemuel_coloured_pillars_altar, uniq_natasha
D:3:      layout_loops_ring, marbit_many_paths, uniq_ijyb, uniq_grinder
D:4:      corexii_shantytown, layout_rooms, lemuel_doored_altar,
          vehumet_altar_wand_db
D:5:      cheibrodos_fertilizer, layout_loops_ring, lemuel_crystal_altar,
          minmay_temple_entry_arrows, gup_sewer_entry_bubbles, st_stairs_9,
          uniq_eustachio

Skill      XL: |  1  2  3  4  5  6  7 |
---------------+----------------------+-----
Armour         | 2 3 |  3.6
Axes           | 4 5 6 |  6.0
Dodging        | 2 |  2.2
Fighting       | 4 |  4.8
Evocations     | 1 2 |  2.8

Action                   |  1- 3 |  4- 6 |  7- 9 || total
-------------------------+-------+-------+-------++-------
Melee: Hand axe          |    72 |   100 |    82 ||   254
       Tailslap          |     8 |    11 |    12 ||    31
Invok: Berserk           |       |     1 |     1 ||     2
       Trog's Hand       |       |       |     1 ||     1
 Abil: Rolling Charge    |    15 |    20 |     8 ||    43
Evoke: Wand              |       |     2 |       ||     2
  Use: Scroll            |       |     7 |     2 ||     9
       Potion            |       |     3 |       ||     3
 Stab: Paralysed         |       |    10 |       ||    10
Armor: Animal skin       |     4 |       |       ||     4
       Chain mail        |    25 |       |       ||    25
       Ring mail         |     6 |       |       ||     6
       Plate armour      |     2 |    59 |    51 ||   112
Dodge: Dodged            |    31 |    17 |    18 ||    66
